 Dungeon Crawl Stone Soup version 0.29-a0-834-g1e95ca9f62 (webtiles) character file.

Game seed: 15392512055283987379

132 nickcage the Chiller (level 5, -7/35 HPs)
             Began as a Merfolk Ice Elementalist on July 12, 2022.
             Killed by divine providence
             ... invoked by an orc priest
              (14 damage)
             ... on level 4 of the Dungeon.
             The game lasted 00:11:22 (4021 turns).

nickcage the Chiller (Merfolk Ice Elementalist)     Turns: 4021, Time: 00:11:22

Health: -7/35      AC:  4    Str:  9    XL:     5   Next: 15%
Magic:  7/9        EV: 12    Int: 16    God:
Gold:   79         SH:  0    Dex: 14    Spells: 3/10 levels left

rFire   . . .      SeeInvis .   t - +2 dagger (venom)
rCold   . . .      Faith    .   (no shield)
rNeg    . . .      Spirit   .   a - +0 robe
rPois   .          Reflect  .   (no helmet)
rElec   .          Harm     .   (no cloak)
rCorr   .          Rampage  .   v - +0 pair of gloves
Will    .....                   j - +0 pair of boots
Stlth   ++........              (no amulet)
HPRegen 0.11/turn               (no ring)
MPRegen 0.11/turn               (no ring)

@: no status effects
A: (nimble swimmer 2), mertail
a: no special abilities


You were on level 4 of the Dungeon.
You visited 1 branch of the dungeon, and saw 4 of its levels.

You collected 93 gold pieces.
You spent 14 gold pieces at shops.

Inventory:

Hand Weapons
 f - a +0 dagger
 t - a +2 dagger of venom (weapon)
Missiles
 c - 2 javelins
 l - 4 boomerangs of dispersal
Armour
 a - a +0 robe (worn)
 j - a +0 pair of boots (worn)
 v - a +0 pair of gloves (worn)
Scrolls
 d - 2 scrolls of poison {unknown}
 h - 3 scrolls of fear
 k - a scroll of identify {unknown}
 o - a scroll of teleportation {unknown}
 p - a scroll of immolation {unknown}
 q - a scroll of fog {unknown}
 s - a scroll of brand weapon {unknown}
 u - a scroll of vulnerability {unknown}
 w - a scroll of enchant weapon {unknown}
 x - a scroll of noise {unknown}
Potions
 b - 2 potions of magic
 e - 3 potions of lignification {unknown}
 g - 4 potions of heal wounds {unknown}
 i - a potion of curing {unknown}
 m - a potion of ambrosia {unknown}
 n - a potion of degeneration
 r - a potion of attraction {unknown}
 z - a potion of mutation {unknown}


   Skills:
 - Level 2.6 Dodging
 - Level 2.1 Stealth
 - Level 3.1 Spellcasting
 * Level 6.2 Ice Magic


You had 3 spell levels left.
You knew the following spells:

 Your Spells              Type           Power      Damage    Failure   Level
a - Freeze                Ice            88%        1d10      1%          1
b - Frozen Ramparts       Ice            44%        1d6       4%          3
c - Ozocubu's Armour      Ice            22%        N/A       4%          3

Your spell library contained the following spells:

 Spells                   Type           Power      Damage    Failure   Level
 Beastly Appendage        Tmut           4%         N/A       19%         1
 Wereblood                Tmut           2%         N/A       28%         2
 Spider Form              Tmut/Pois      2%         N/A       50%         3
 Hailstorm                Conj/Ice       12%        3d5       45%         4
 Dispersal                Tloc           1%         N/A       100%        6
 Disjunction              Tloc           1%         N/A       100%        8


Dungeon Overview and Level Annotations

Branches:
Dungeon (4/15)
 Temple: D:4-7

Altars:

Shops:
D:2 !


Innate Abilities, Weirdness & Mutations

((You are very nimble when in or above water. (Stealth+, EV+, Speed+++)))
Your lower body shifts to a powerful aquatic tail in water.


Message History

You kill the endoplasm!
Found a stone staircase leading down.
You see here 7 stones.
The kobold shouts!
The kobold throws a poisoned dart.
The poisoned dart misses you.
The kobold throws a poisoned dart.
The poisoned dart misses you.
The kobold throws a poisoned dart.
The poisoned dart hits you!
You are poisoned.
You feel sick.
An orc comes into view. It is wielding a +0 short sword.
The kobold throws a poisoned dart.
The poisoned dart closely misses you.
A hobgoblin comes into view.
You feel sick.
The hobgoblin shouts!
The kobold barely misses you.
You freeze the kobold!
You kill the kobold!
You feel sick.
An orc comes into view. It is wielding a +0 hand axe.
You feel sick.
The orc shouts!
You feel sick. The orc hits you but does no damage.
You freeze the orc.
The orc is lightly wounded.
You feel sick. The orc misses you.
You freeze the orc.
You kill the orc!
You feel sick.
A giant cockroach comes into view.
You feel sick.
You are no longer poisoned.
The hobgoblin attacks as you move away! The hobgoblin hits you.
The orc priest calls down the wrath of Beogh upon you.
Beogh smites you! The hobgoblin attacks as you move away!
The hobgoblin hits you.
* * * LOW HITPOINT WARNING * * *
The hobgoblin attacks as you move away! The hobgoblin misses you.
The orc priest calls down the wrath of Beogh upon you.
Beogh smites you!
You die...

..# ...... ##...... ..# ......
##...†.. ..# #....###########
###....... ..#
#....##........###.......<. S.#
#....##........##..........
.h#####....##........##..#.......
.....##.....#...........##.......
................(................
..##..(.$###...g@................
..##......##....o..........#.....
...÷....#.†.J.o..............###.
.###.......................### .
# #.^.......................
#....)..Bo....####.>...#.#
#......................#.#
.......).........# ..
##.................


You could see an orc priest, 2 orcs, an endoplasm, a giant cockroach and a
hobgoblin.

Vanquished Creatures
  An orc priest (D:3)
  An iguana (D:4)
  A dart slug (D:1)
  4 orcs
  10 ball pythons
  9 bats
  4 endoplasms
  4 giant cockroaches
  3 goblins
  6 hobgoblins
  3 jackals (D:1)
  2 quokkas
  11 frilled lizards
  5 kobolds
  5 rats
69 creatures vanquished.

Notes
Turn   | Place    | Note
-------+----------+-------------------------------------------
     0 | D:1      | nickcage the Merfolk Ice Elementalist began the quest for
                  | the Orb.
     0 | D:1      | Reached XP level 1. HP: 13/13 MP: 3/3
   417 | D:1      | Reached XP level 2. HP: 19/19 MP: 5/5
   492 | D:1      | Reached skill level 5 in Ice Magic
   661 | D:1      | Reached XP level 3. HP: 24/24 MP: 4/6
   665 | D:1      | Learned a level 3 spell: Frozen Ramparts
  1785 | D:2      | Found Agattue's Distillery.
  1791 | D:2      | Bought a potion of degeneration for 14 gold pieces
  1874 | D:2      | Found a faded altar of an unknown god.
  2157 | D:2      | Learned a level 3 spell: Ozocubu's Armour
  2612 | D:3      | Reached XP level 4. HP: 17/30 MP: 0/8
  3738 | D:4      | Reached skill level 6 in Ice Magic
  3738 | D:4      | Reached XP level 5. HP: 35/35 MP: 1/9
  4021 | D:4      | Killed from afar by an orc priest

Illustrated notes

Levels and vault maps discovered:
D:1:      scummos_arrival_forest, layout_basic, nicolae_kite_square_tiling_tiny,
          minmay_lizard_pond
D:2:      layout_loops_ring, serial_shops, nicolae_shop_statue_plus,
          dreamdust_ecumenical_altar_angels_and_demons
D:3:      layout_basic
D:4:      layout_rooms

Skill      XL: |  1  2  3  4 |
---------------+-------------+-----
Ice Magic      | 5 6 |  6.2
Spellcasting   | 3 |  3.1
Dodging        | |  2.6
Stealth        | |  2.1

Action                   |  1- 3 |  4- 6 || total
-------------------------+-------+-------++-------
Melee: Dagger            |    15 |    23 ||    38
       Punch             |     1 |       ||     1
Throw: Javelin           |     8 |       ||     8
 Cast: Freeze            |    45 |    14 ||    59
       Frozen Ramparts   |     4 |     1 ||     5
       Ozocubu's Armour  |     1 |     1 ||     2
  Use: Scroll            |     1 |       ||     1
 Stab: Sleeping          |     2 |     1 ||     3
Armor: Robe              |    15 |     8 ||    23
Dodge: Dodged            |    35 |    25 ||    60

Table legend: (Time is in decaauts)
 A = Elapsed time spent in this place.
 B = Non-inter-level travel time spent in this place.
 C = Inter-level travel time spent in this place.
 D = Time resting spent in this place.
 E = Time spent auto-exploring this place.
 F = Levels seen in this place.
 G = Mean time per level.
                   A        B        C        D        E       F      G
               +--------+--------+--------+--------+--------+-----+--------+
         Total |   4023 |   3981 |     42 |    704 |   2759 |   4 | 1005.8 |
       Dungeon |   4023 |   3981 |     42 |    704 |   2759 |   4 | 1005.8 |
               +--------+--------+--------+--------+--------+-----+--------+

Top non-repeatable levels by time:
     D:3: 1634 daAuts
     D:1: 1295 daAuts
     D:2: 877 daAuts
     D:4: 215 daAuts
